 Dungeon Crawl Stone Soup version 0.27-a0-1196-g3e9cee4cb2 (webtiles) character file.

Game seed: 13155884098059054951

8 Kold the Skirmisher (level 2, 24/24 HPs)
             Began as a Demonspawn Monk on May 28, 2021.
             Quit the game on level 1 of the Dungeon.
             The game lasted 00:00:31 (456 turns).

Kold the Skirmisher (Demonspawn Monk)                Turns: 456, Time: 00:00:32

Health: 24/24      AC:  2    Str: 11    XL:     2   Next: 0%
Magic:  2/2        EV: 13    Int: 11    God:
Gold:   0          SH:  0    Dex: 15    Spells: 1/1 levels left

rFire    . . .     SeeInvis .     - Unarmed
rCold    . . .     Faith    .   (no shield)
rNeg     . . .     Spirit   .   a - +0 robe
rPois    .         Reflect  .   (no helmet)
rElec    .         Harm     .   (no cloak)
rCorr    .         Rampage  .   (no gloves)
Will     .....                  (no boots)
Stlth    ++........             (no amulet)
HPRegen  0.08/turn              (no ring)
MPRegen  0.08/turn              (no ring)

@: no status effects
A: hooves 1
a: no special abilities


You were on level 1 of the Dungeon.
You visited 1 branch of the dungeon, and saw 1 of its levels.

Inventory:

Armour
 a - a +0 robe (worn)
Scrolls
 b - 3 scrolls of identify {unknown}
 c - a scroll of enchant weapon {unknown}
 d - a scroll of noise {unknown}
 e - a scroll of amnesia {unknown}


   Skills:
 - Level 3.0 Fighting
 + Level 2.9 Dodging
 - Level 2.0 Stealth
 + Level 2.9 Unarmed Combat


You had one spell level left.
You didn't know any spells.
Your spell library was empty.

Dungeon Overview and Level Annotations

Branches:
Dungeon (1/15)

Altars:


Innate Abilities, Weirdness & Mutations

You have large cloven feet.


Message History

Your Stealth skill increases to level 2!
No target in view!
You enter the shallow water.
Moving in this stuff is going to be slow.
A rat comes into view.
A rat is nearby!
You completely miss the rat. The rat misses you.
You hit the rat.
You kill the rat!
No target in view!
You see here a rat corpse.
Found a stone staircase leading down.
No target in view!
b - 2 scrolls labelled OHYHOD PAZU (gained 1)
d - a scroll labelled ECOIJO DARGH A dart slug comes into view.
A dart slug is nearby!
No reachable target in view!
No reachable target in view!
A dart slug is nearby!
No reachable target in view!
Found a scroll labelled FIPTOITAWO.
The dart slug barely misses you.
You hit the dart slug.
The dart slug is severely wounded.
The dart slug launches a dart at you. The slug dart hits you.
You hit the dart slug.
The dart slug is almost dead.
The dart slug launches a dart at you. The slug dart hits you.
You hit the dart slug.
You kill the dart slug!
You have reached level 2!
Your demonic ancestry asserts itself...
Your feet thicken and deform.
e - a scroll labelled FIPTOITAWO
b - 3 scrolls labelled OHYHOD PAZU (gained 1)
Found a stone staircase leading down.
Are you sure you want to abandon this character and quit the game? (Confirm with "yes".)

####.# ##.#.##.#..
####.####.##.#.#.#
.................#
###.#......###..#
#...###.†###.## ####
##### #.....## #...
#########.####.###..
..........# ##.#>#
########### ##@# #
###


There were no monsters in sight!

Vanquished Creatures
  A dart slug (D:1)
  2 bats (D:1)
  A goblin (D:1)
  A quokka (D:1)
  A rat (D:1)
6 creatures vanquished.

Notes
Turn   | Place    | Note
-------+----------+-------------------------------------------
     0 | D:1      | Kold the Demonspawn Monk began the quest for the Orb.
     0 | D:1      | Reached XP level 1. HP: 18/18 MP: 1/1
   372 | D:1      | Gained mutation: You have large cloven feet. [demonic
                  | ancestry]
   372 | D:1      | Reached XP level 2. HP: 21/24 MP: 2/2
   456 | D:1      | Quit the game

Illustrated notes

Levels and vault maps discovered:
D:1:      lightli_arrival_quake, layout_loops_ring,
          shapermc_ecumenical_altar_mp_vishouse, serial_bayou_pond_d,
          patterned_corridor

Skill      XL: |  1 |
---------------+----+-----
Stealth        | 2 |  2.0
Fighting       | |  3.0
Dodging        | |  2.9
Unarmed Combat | |  2.9

Action                   || total
-------------------------++-------
Melee: Unarmed           ||    24
 Stab: Sleeping          ||     2
Armor: Robe              ||     7
Dodge: Dodged            ||    22

Table legend: (Time is in decaauts)
 A = Elapsed time spent in this place.
 B = Non-inter-level travel time spent in this place.
 C = Inter-level travel time spent in this place.
 D = Time resting spent in this place.
 E = Time spent auto-exploring this place.
 F = Levels seen in this place.
 G = Mean time per level.
                   A        B        C        D        E       F      G
               +--------+--------+--------+--------+--------+-----+--------+
         Total |    458 |    458 |      0 |      0 |    404 |   1 |  458.0 |
       Dungeon |    458 |    458 |      0 |      0 |    404 |   1 |  458.0 |
               +--------+--------+--------+--------+--------+-----+--------+

Top non-repeatable levels by time:
     D:1: 458 daAuts
